 Dungeon Crawl Stone Soup version 0.28-a0-1510-gd0f6b136d3 (webtiles) character file.

Game seed: 14766845458921560406

66 psuckher the Digger (level 4, -5/24 HPs)
             Began as a Gargoyle Earth Elementalist on Jan 15, 2022.
             Was an Initiate of Yredelemnul.
             Killed by divine providence
             ... invoked by an orc priest
              (11 damage)
             ... on level 2 of the Dungeon.
             The game lasted 00:11:47 (1663 turns).

psuckher the Digger (Gargoyle Earth Elementalist)   Turns: 1663, Time: 00:11:47

Health: -5/24      AC:  5    Str: 12    XL:     4   Next: 15%
Magic:  8/8        EV: 11    Int: 17    God:    Yredelemnul [......]
Gold:   55         SH:  0    Dex: 10    Spells: 6/9 levels left

rFire   . . .      SeeInvis .   d - +2 hand axe (vorpal)
rCold   . . .      Faith    .   (no shield)
rNeg    + . .      Spirit   .   b - +0 robe
rPois   ∞          Reflect  .   (no helmet)
rElec   +          Harm     .   (no cloak)
rCorr   .          Rampage  .   (no gloves)
Will    .....                   (no boots)
Stlth   ++........              (no amulet)
HPRegen 0.08/turn               (no ring)
MPRegen 0.11/turn               (no ring)

@: no status effects
A: sickness immunity, AC +3, negative energy resistance 1, electricity
resistance, torment resistance 1, petrification resistance
a: Renounce Religion, Recall Undead Harvest


You were on level 2 of the Dungeon.
You worshipped Yredelemnul.
Yredelemnul was noncommittal.
You visited 1 branch of the dungeon, and saw 2 of its levels.

You collected 55 gold pieces.

Inventory:

Hand Weapons
 a - a +0 dagger
 d - a +2 vorpal hand axe (weapon)
 e - a +0 double sword
Armour
 b - a +0 robe (worn)
 h - a +2 pair of gloves
Potions
 f - 2 potions of curing {unknown}
 g - a potion of might {unknown}


   Skills:
 + Level 0.1 Fighting
 + Level 0.6 Axes
 + Level 1.5 Dodging
 + Level 2.7 Stealth
 + Level 3.0 Spellcasting
 + Level 0.7 Transmutations
 + Level 4.4 Earth Magic


You had 6 spell levels left.
You knew the following spells:

 Your Spells              Type           Power      Damage    Failure   Level
a - Sandblast             Erth           34%        2d9       2%          1
b - Passwall              Tmut/Erth      9%         N/A       9%          2

Your spell library contained the following spells:

 Spells                   Type           Power      Damage    Failure   Level
 Magic Dart               Conj           8%         1d3       17%         1
 Stone Arrow              Conj/Erth      20%        3d8       22%         3
 Searing Ray              Conj           4%         2d4       26%         2
 Ozocubu's Armour         Ice            2%         N/A       45%         3
 Petrify                  Tmut/Erth      11%        N/A       52%         4
 Fulminant Prism          Conj/Hex       1%         3d6       86%         4
 Ozocubu's Refrigeration  Ice            1%         4d5       100%        7


Dungeon Overview and Level Annotations

Branches:
Dungeon (2/15)

Altars:
Yredelemnul

Shops:
D:1 [!*


Innate Abilities, Weirdness & Mutations

You are immune to sickness and miasma.
Your stone body is resilient. (AC +3)
You are immune to poison.
You resist negative energy. (rN+)
You are resistant to electric shocks. (rElec)
You are resistant to unholy torment.
You are immune to petrification.


Message History

* * * LOW HITPOINT WARNING * * *
You hear an angry hiss.
You swap places.
Your quokka zombie closely misses the orc.
The orc hits your hobgoblin zombie with a +0 flail!
Your hobgoblin zombie is destroyed!
A frilled lizard comes into view.
The orc priest barely misses your quokka zombie.
The orc hits your quokka zombie with a +0 dagger.
You swap places.
Your quokka zombie barely misses something.
Your kobold zombie hits something.
You feel a bit more experienced.
You swap places.
Your kobold zombie hits something.
Your kobold zombie hits something but does no damage.
Something hits your kobold zombie.
You swap places.
You feel a bit more experienced.
Your goblin zombie closely misses something.
Your kobold zombie hits something.
Something hits your kobold zombie.
You swap places.
Your goblin zombie hits something.
Your kobold zombie is smitten.
Your kobold zombie is destroyed!
You swap places.
Your goblin zombie closely misses something.
You swap places.
You feel a bit more experienced.
Your goblin zombie closely misses something.
You hear a shout!
You swap places.
Something barely misses your goblin zombie.
Your goblin zombie hits something.
Something hits your goblin zombie.
This spell is quite dangerous to cast!
Memorise Searing Ray, consuming 2 spell levels and leaving 4?
Magic restored.
Your goblin zombie hits something but does no damage.
Something hits your goblin zombie.
Your goblin zombie is destroyed!
You start memorising the spell.
You continue memorising. x2
The orc priest mumbles some strange prayers to Beogh against you.
Beogh smites you!
Your memorisation is interrupted.
You die...
Your body rises from the dead as a mindless zombie.

.............+
#...
.#######.....# #
#.l## ...
#..Z..# #.#...
.### #[....#
.#..### ..
###.....# .....
.. .......Z.#
#oo# ...
.####....# #..#
...
##....#####o.#
#.......Z@...#
#.#.....####...#
...#.....# ####
#####.....#
#.....##
+......#
#......#
#......#
#......#


You could see an orc priest (ally target) and a friendly goblin zombie.

Vanquished Creatures
  An adder (D:2)
  A worm (D:2)
  A dart slug (D:1)
  4 endoplasms
  3 giant cockroaches
  4 goblins
  2 hobgoblins (D:1)
  3 jackals (D:1)
  A quokka (D:2)
  2 ball pythons (D:1)
  A bat (D:2)
  A frilled lizard (D:1)
  4 kobolds
  3 rats (D:1)
31 creatures vanquished.

Vanquished Creatures (collateral kills)
  An adder (D:2)
  A dart slug (D:2)
  2 orcs (D:2)
  A hobgoblin (D:2)
  A frilled lizard (D:2)
6 creatures vanquished.

Vanquished Creatures (others)
  2 giant cockroach zombies (D:2)
  A goblin zombie (D:2)
  A hobgoblin zombie (D:2)
  A kobold zombie (D:2)
  A quokka zombie (D:2)
  A spectral endoplasm (D:2)
7 creatures vanquished.

Grand Total: 44 creatures vanquished

Notes
Turn   | Place    | Note
-------+----------+-------------------------------------------
     0 | D:1      | psuckher the Gargoyle Earth Elementalist began the quest
                  | for the Orb.
     0 | D:1      | Reached XP level 1. HP: 10/10 MP: 3/3
   346 | D:1      | Reached XP level 2. HP: 14/15 MP: 5/5
   418 | D:1      | Found Totizxik's Distillery.
   578 | D:1      | Reached skill level 4 in Earth Magic
   640 | D:1      | Found Pishrinekh's Armour Shoppe.
   727 | D:1      | Learned a level 2 spell: Passwall
   885 | D:1      | Found Ocawolom's General Store.
   983 | D:1      | Found a faded altar of an unknown god.
  1023 | D:1      | Prayed at the altar of an unknown god.
  1023 | D:1      | Became a worshipper of Yredelemnul the Dark
  1023 | D:1      | Reached * piety under Yredelemnul
  1324 | D:2      | Reached XP level 3. HP: 7/19 MP: 1/7
  1373 | D:2      | Identified a scroll of acquirement
  1373 | D:2      | Acquired a book of Conjurations
  1589 | D:2      | Reached XP level 4. HP: 20/24 MP: 1/8
  1663 | D:2      | Killed from afar by an orc priest

Illustrated notes

Levels and vault maps discovered:
D:1:      enne_arrival_octagon_isle, layout_loops_corners, serial_shops,
          shop_fountains, shop, shop, basic_ecumenical_altar
D:2:      layout_basic, st_stairs_3, minmay_hexomino_f4, uniq_jessica

Skill      XL: |  1  2  3 |
---------------+----------+-----
Earth Magic    | 4 |  4.4
Spellcasting   | 3 |  3.0
Fighting       | |  0.1
Axes           | |  0.6
Dodging        | |  1.5
Stealth        | |  2.7
Transmutations | |  0.7

Action                   |  1- 3 |  4- 6 || total
-------------------------+-------+-------++-------
Melee: Hand axe          |    23 |       ||    23
       Punch             |     1 |       ||     1
 Cast: Sandblast         |    28 |     2 ||    30
  Use: Scroll            |     1 |       ||     1
Armor: Robe              |    16 |       ||    16
Dodge: Dodged            |    19 |       ||    19

Table legend: (Time is in decaauts)
 A = Elapsed time spent in this place.
 B = Non-inter-level travel time spent in this place.
 C = Inter-level travel time spent in this place.
 D = Time resting spent in this place.
 E = Time spent auto-exploring this place.
 F = Levels seen in this place.
 G = Mean time per level.
                   A        B        C        D        E       F      G
               +--------+--------+--------+--------+--------+-----+--------+
         Total |   1671 |   1449 |    222 |      0 |      0 |   2 |  835.5 |
       Dungeon |   1671 |   1449 |    222 |      0 |      0 |   2 |  835.5 |
               +--------+--------+--------+--------+--------+-----+--------+

Top non-repeatable levels by time:
     D:1: 1275 daAuts
     D:2: 395 daAuts
